 Dungeon Crawl Stone Soup version 0.29-a0-284-gf9362112df (webtiles) character file.

Game seed: 1031259279139877162

316 spaghetti the Skirmisher (level 6, -3/99 HPs)
             Began as an Ogre Transmuter on Mar 24, 2022.
             Was a Believer of Makhleb.
             Slain by an orc warrior
             ... wielding a +4 broad axe
              (9 damage)
             ... on level 4 of the Dungeon.
             The game lasted 00:06:26 (5031 turns).

spaghetti the Skirmisher (Ogre Transmuter)          Turns: 5031, Time: 00:06:27

Health: -3/99      AC: 23    Str: 13 (15) XL:     6   Next: 44%
Magic:  7/9        EV:  1    Int: 13 (16) God:    Makhleb [**....]
Gold:   95         SH:  0    Dex:  6 (9)  Spells: 6/9 levels left

rFire   . . .      SeeInvis +   i - +2 dagger (venom) {short}
rCold   . . .      Faith    .   (no shield)
rNeg    . . .      Spirit   .   (body armour currently unavailable)
rPois   +          Reflect  .   (helmet currently unavailable)
rElec   .          Harm     .   (cloak currently unavailable)
rCorr   .          Rampage  .   (gloves unavailable)
Will    .....      NoTele   +   (boots unavailable)
Stlth   +.........              (no amulet)
HPRegen 0.26/turn               d - ring of flight
MPRegen 0.11/turn               o - ring of Jepyn {rPois SInv}

@: tree-form, wereblooded, unable to read
A: stationary, stasis, torment immunity, boosted hp, large, unfitting armour,
(tough skin 1), screaming 1, inability to read while threatened
a: Renounce Religion, Minor Destruction


You were on level 4 of the Dungeon.
You worshipped Makhleb.
Makhleb was pleased with you.
You were a tree.
You visited 1 branch of the dungeon, and saw 4 of its levels.

You collected 95 gold pieces.


Innate Abilities, Weirdness & Mutations

You are a tree.
Your roots penetrate the ground, keeping you stationary.
You cannot be teleported.
You are immune to unholy pain and torment.
Your maximum health is greatly increased.
Your equipment is partially melded.
You are too large for most types of armour.
((You have tough skin. (AC +1)))
You occasionally shout uncontrollably at your foes.
You sometimes lose the ability to read scrolls when taking damage.


   Skills:
 + Level 5.0 Fighting
 - Level 1.7 Dodging
 - Level 2.6 Unarmed Combat
 - Level 2.4 Spellcasting
 + Level 3.8 Transmutations
 + Level 3.4 Invocations


You had 6 spell levels left.
You knew the following spells:

 Your Spells              Type           Power      Damage    Failure   Level
a - Beastly Appendage     Tmut           22%        N/A       4%          1
b - Wereblood             Tmut           11%        N/A       8%          2

Your spell library contained the following spells:

 Spells                   Type           Power      Damage    Failure   Level
 Animate Skeleton         Necr           2%         N/A       24%         1
 Pain                     Necr           4%         1d4       24%         1
 Shock                    Conj/Air       4%         1d3       24%         1
 Spider Form              Tmut/Pois      6%         N/A       32%         3
 Summon Guardian Golem    Hex/Summ       1%         N/A       58%         3
 Swiftness                Air            1%         N/A       58%         3
 Vampiric Draining        Necr           1%         2d6       58%         3
 Ice Form                 Ice/Tmut       6%         N/A       73%         4
 Airstrike                Air            0%         N/A       94%         4
 Agony                    Necr           1%         N/A       100%        5
 Excruciating Wounds      Necr           0%         N/A       100%        5
 Orb of Destruction       Conj           0%         9d5       100%        7
 Spellforged Servitor     Conj/Summ      0%         N/A       100%        7

Inventory:

Hand Weapons
 e - a +1 dagger of venom {short}
   (You took it off an orc priest on level 3 of the Dungeon)
 f - a +0 dagger {short}
   (You took it off a kobold on level 1 of the Dungeon)
 h - a +0 rapier {short}
   (You found it on level 1 of the Dungeon)
 i - a +2 dagger of venom (weapon) {short}
   (You found it on level 3 of the Dungeon)
 j - a +0 dagger of venom {short}
   (You found it on level 2 of the Dungeon)
Missiles
 c - 47 stones {throwing}
 m - 6 poisoned darts {throwing}
Armour
 a - a +1 robe (melded)
Jewellery
 d - a ring of flight (left branch)
   (You found it on level 2 of the Dungeon)
 n - a ring of positive energy
   (You found it on level 3 of the Dungeon)
 o - the ring of Jepyn (right branch) {rPois SInv}
   (You found it on level 3 of the Dungeon)

   [ring of see invisible]

   rPois:     It protects you from poison.
   SInv:      It lets you see invisible.
Wands
 k - a wand of digging (5)
   (You found it on level 4 of the Dungeon)
Scrolls
 g - 2 scrolls of blinking {!r}
 p - 2 scrolls of identify {@r1}

Dungeon Overview and Level Annotations

Branches:
Dungeon (4/15)
 Temple: D:4-7

Altars:
Makhleb

#####........##########
....................†..
####..........######### . #
#..........# ?. #
#..........# ####... #
#.......)..# .......
#####).......## ##.......
............#######........
................♣o.........
##.)............oo.........
#.†.......................
................>.###....##
###.............#... .####
#.........#..........
..........#.#.........
#.........#....#.......
#......


You could see an orc warrior (very poisoned), an orc priest (very poisoned) and
an orc.


Message History

The puff of flame hits the orc priest but does no damage.
The orc priest calls down the wrath of Beogh upon you.
Pain shoots through your body! 😕 HP[-13]
You take 13 damage, and now have 53/66 hp.
The zap misses the orc priest.
The zap hits the orc.
The zap misses the orc warrior.
The orc priest calls down the wrath of Beogh upon you.
Pain shoots through your body!
You are too injured to fight recklessly!
You are too injured to fight recklessly!
You are too injured to fight recklessly!
You are too injured to fight recklessly! 😼 HP[-8]
You take 8 damage, and now have 45/66 hp.
You are too injured to fight recklessly!
You are too injured to fight recklessly!
You are too injured to fight recklessly!
You are too injured to fight recklessly!
You are too injured to fight recklessly!
You are too injured to fight recklessly!
You are too injured to fight recklessly!
You are too injured to fight recklessly!
You are too injured to fight recklessly!
You are too injured to fight recklessly!
You are too injured to fight recklessly!
You are too injured to fight recklessly!
You are too injured to fight recklessly!
You are too injured to fight recklessly!
You are too injured to fight recklessly!
You are too injured to fight recklessly!
You are too injured to fight recklessly!
You are too injured to fight recklessly!
You are too injured to fight recklessly!
You are too injured to fight recklessly!
Aiming: Minor Destruction (3% risk of failure)
Press: ? - help, Shift-Dir - straight line, f/p - orc priest
Aim: an orc priest, wielding a +0 club and wearing a +0 chain mail The puff of flame hits the orc priest.
The orc priest calls down the wrath of Beogh upon you.
Pain shoots through your body!
You feel threatened and lose the ability to read scrolls! 😼 HP[-4]
You take 4 damage, and now have 41/66 hp.
Okay, then.
Aiming: Minor Destruction (3% risk of failure)
Press: ? - help, Shift-Dir - straight line, f/p - orc priest
Aim: an orc priest, wielding a +0 club and wearing a +0 chain mail (moderately wounded)
The zap hits the orc.
The zap hits the orc priest.
The orc priest looks satisfied for a moment.
The orc hits you but does no damage. 😼 HP[-1] MP[+1]
You take 1 damage, and now have 40/66 hp.
You hit the orc warrior but do no damage.
You can read scrolls again.
The orc priest invokes the aid of Beogh against you.
Beogh smites you!
You feel threatened and lose the ability to read scrolls!
* * * LOW HITPOINT WARNING * * *
The orc warrior hits you with a +4 broad axe!!
* * * LOW HITPOINT WARNING * * *
đŸ˜± HP[-33]
You take 33 damage, and now have 7/66 hp.
MASSIVE DAMAGE!! (PAUSE)
Okay, then.
You cannot read scrolls in your current state!
Really quaff
b - a potion of lignification {!q}?
Really quaff the potion of lignification?
Your horns disappear.
Your talons disappear.
You turn into a tree.
Your +1 robe melds into your body.
Your roots penetrate the ground.
The orc hits you but does no damage.
The orc warrior hits you but does no damage. đŸ˜± HP[+4]
You now have 99 max hp (+33).
You regained 4 hp, and now have 11/99 hp.
You hit the orc priest but do no damage.
The orc priest is poisoned.
You can read scrolls again.
The orc priest calls upon Beogh to heal the orc.
The orc's wounds heal themselves!
The orc hits you with a +0 club.
* * * LOW HITPOINT WARNING * * *
The orc warrior hits you with a +4 broad axe.
* * * LOW HITPOINT WARNING * * *
đŸ˜± HP[-6]
You take 6 damage, and now have 5/99 hp.
Okay, then.
It was a potion of degeneration.
There was something very wrong with that liquid.
You feel weakened.
You feel dopey.
You feel clumsy.
The orc priest casts a cantrip, but nothing happens.
The orc hits you but does no damage.
The orc warrior hits you but does no damage. đŸ˜± HP[+1]
You hit the orc warrior but do no damage.
The orc warrior is poisoned.
The orc priest hits you but does no damage.
The orc hits you but does no damage.
The orc warrior hits you with a +4 broad axe!
You feel threatened and lose the ability to read scrolls!
You die...

Skill      XL: |  1  2  3  4  5  6 |
---------------+-------------------+-----
Transmutations | 2 3 |  3.8
Fighting       | 2 3 4 5 |  5.0
Invocations    | 1 2 3 |  3.4
Dodging        | |  1.7
Unarmed Combat | |  2.6
Spellcasting   | |  2.4

Action                   |  1- 3 |  4- 6 || total
-------------------------+-------+-------++-------
Melee: Unarmed           |     8 |       ||     8
       Dagger            |   140 |   116 ||   256
       Kick              |    20 |     9 ||    29
       Headbutt          |    16 |     9 ||    25
       Punch             |     2 |       ||     2
 Cast: Beastly Appendage |    22 |    13 ||    35
       Wereblood         |    17 |    16 ||    33
Invok: Minor Destruction |       |    26 ||    26
  Use: Scroll            |     4 |     2 ||     6
       Potion            |     1 |     6 ||     7
Armor: Robe              |    53 |    25 ||    78
       Skin              |       |     8 ||     8
Dodge: Dodged            |    63 |    50 ||   113

Levels and vault maps discovered:
D:1:      doesnt_arrival_eight_statues, layout_loops_ring,
          nicolae_ecumenical_lake_church
D:2:      layout_basic, uniq_jessica
D:3:      layout_loops_ring, minmay_misc_feat_hallway, minivault_25,
          minivault_23, serial_bayou_pond_b
D:4:      layout_rooms, nicolae_dithmenos_shadow_blocks,
          minmay_temple_entry_enclosed_plants

Notes
Turn   | Place    | Note
-------+----------+-------------------------------------------
     0 | D:1      | spaghetti the Ogre Transmuter began the quest for the Orb.
     0 | D:1      | Reached XP level 1. HP: 19/19 MP: 3/3
     0 | D:1      | magus.rc [v1.9.6]
   149 | D:1      | Found a faded altar of an unknown god.
   215 | D:1      | Reached skill level 2 in Transmutations
   220 | D:1      | Reached skill level 2 in Fighting
   220 | D:1      | Reached XP level 2. HP: 8/28 MP: 3/5
   279 | D:1      | Prayed at the altar of an unknown god.
   279 | D:1      | Became a worshipper of Makhleb the Destroyer
   279 | D:1      | Reached * piety under Makhleb
   557 | D:1      | Learned a level 2 spell: Wereblood
  1115 | D:1      | You pick up a book of Pain and begin reading...
  1115 | D:1      | You add the spells Pain, Agony and Excruciating Wounds to
                  | your library.
  1146 | D:1      | Reached XP level 3. HP: 26/36 MP: 4/6
  1409 | D:1      | You pick up a book of Necromancy and begin reading...
  1409 | D:1      | You add the spells Animate Skeleton and Vampiric Draining
                  | to your library.
  1506 | D:1      | Reached skill level 1 in Invocations
  2056 | D:2      | Reached ** piety under Makhleb
  2172 | D:2      | Reached skill level 3 in Fighting
  2432 | D:2      | Gained mutation: You sometimes lose the ability to read
                  | scrolls when taking damage. [potion of mutation]
  2432 | D:2      | Gained mutation: You occasionally shout uncontrollably at
                  | your foes. [potion of mutation]
  2773 | D:2      | Noticed Jessica
  2781 | D:2      | Killed Jessica
  2782 | D:2      | Reached XP level 4. HP: 38/45 MP: 3/7
  2875 | D:2      | Reached skill level 2 in Invocations
  3187 | D:3      | Identified the ring of Jepyn {rPois SInv}
  3274 | D:3      | Reached skill level 3 in Transmutations
  3531 | D:3      | You pick up a book of Air and begin reading...
  3531 | D:3      | You add the spells Shock, Swiftness and Airstrike to your
                  | library.
  3870 | D:3      | Reached XP level 5. HP: 48/54 MP: 5/8
  3933 | D:3      | You pick up a book of Air and begin reading...
  3941 | D:3      | You pick up a book of Dangerous Friends and begin
                  | reading...
  3941 | D:3      | You add the spells Summon Guardian Golem, Orb of
                  | Destruction and Spellforged Servitor to your library.
  3974 | D:3      | HP: 12/48 [necrophage (2)]
  3977 | D:3      | HP: 4/48 [necrophage (3)]
  3979 | D:3      | HP: 1/67 [necrophage (2)]
  3983 | D:3      | Reached skill level 4 in Fighting
  4366 | D:3      | Reached skill level 3 in Invocations
  4366 | D:3      | Reached XP level 6. HP: 20/63 MP: 9/9
  4368 | D:3      | HP: 15/63 [poisoned by an orc priest]
  4373 | D:3      | HP: 11/63 [poisoned by an orc priest]
  4948 | D:4      | Reached skill level 5 in Fighting
  5017 | D:4      | Noticed an orc warrior
  5027 | D:4      | HP: 7/66 [orc warrior/+4 broad axe (19)]
  5031 | D:4      | Slain by an orc warrior

Vanquished Creatures
  A necrophage (D:3)
  A scorpion (D:4)
  A hound (D:4)
  An orc priest (D:3)
  Jessica (D:2)
  3 adders
  A worm (D:3)
  3 dart slugs
  2 orcs (D:3)
  8 ball pythons
  2 bats (D:1)
  12 endoplasms
  8 goblins
  11 hobgoblins
  5 jackals
  3 quokkas
  4 frilled lizards
  4 kobolds
  4 rats (D:1)
75 creatures vanquished.

Vanquished Creatures (others)
  4 plants (D:3)
4 creatures vanquished.

Grand Total: 79 creatures vanquished

Table legend:
 A = Non-vault XP
 B = Vault XP
 C = Vault XP percentage of total XP
 D = Non-vault monster count
 E = Vault monster count
 F = Vault count percentage of total count
                 A         B        C        D         E       F
            +---------+---------+-------+---------+---------+-------
      Total |     406 |      46 |  10.2 |      69 |       6 |   8.0
            +---------+---------+-------+---------+---------+-------
        D:1 |      43 |       0 |   0.0 |      25 |       0 |   0.0
        D:2 |      49 |      37 |  43.0 |      17 |       1 |   5.6
        D:3 |     187 |       9 |   4.6 |      20 |       5 |  20.0
        D:4 |     127 |       0 |   0.0 |       7 |       0 |   0.0
            +---------+---------+-------+---------+---------+-------

Illustrated notes

Table legend:
 A = Kills in this place as a percentage of kills in entire the game.
 B = Kills by you in this place as a percentage of kills by you in the entire game.
 C = Kills by friends in this place as a percentage of kills by friends in the entire game.
 D = Other kills in this place as a percentage of other kills in the entire game.
 E = Experience gained in this place as a percentage of experience gained in the entire game.
 F = Experience gained in this place divided by the number of levels of this place that you have seen.
                   A       B       C       D       E      F
               +-------+-------+-------+-------+-------+----------------------
         Total | 100.0 | 100.0 |   N/A |   N/A | 100.0 | 113.0
       Dungeon | 100.0 | 100.0 |   N/A |   N/A | 100.0 | 113.0
               +-------+-------+-------+-------+-------+----------------------

Table legend: (Time is in decaauts)
 A = Elapsed time spent in this place.
 B = Non-inter-level travel time spent in this place.
 C = Inter-level travel time spent in this place.
 D = Time resting spent in this place.
 E = Time spent auto-exploring this place.
 F = Levels seen in this place.
 G = Mean time per level.
                   A        B        C        D        E       F      G
               +--------+--------+--------+--------+--------+-----+--------+
         Total |   5008 |   4858 |    150 |    534 |   3693 |   4 | 1252.0 |
       Dungeon |   5008 |   4858 |    150 |    534 |   3693 |   4 | 1252.0 |
               +--------+--------+--------+--------+--------+-----+--------+

Top non-repeatable levels by time:
     D:1: 1843 daAuts
     D:3: 1832 daAuts
     D:2: 1183 daAuts
     D:4: 149 daAuts
